 Dungeon Crawl Stone Soup version 0.22-a0-161-g198051c (webtiles) character file.

9 Atlas the Firebug (level 2, -2/19 HPs)
             Began as a Demonspawn Fire Elementalist on Feb 12, 2018.
             Slain by a goblin
             ... wielding a +0 dagger
              (4 damage)
             ... on level 1 of the Dungeon.
             The game lasted 00:01:01 (573 turns).

Atlas the Firebug (Demonspawn Fire Elementalist)     Turns: 573, Time: 00:01:02

Health: -2/19      AC:  2    Str:  8    XL:     2   Next: 3%
Magic:  5/5        EV: 12    Int: 16    God:
Gold:   58         SH:  0    Dex: 13    Spells: 4/5 levels left

rFire    . . .     SeeInvis .   (no weapon)
rCold    . . .     Gourm    .   (no shield)
rNeg     . . .     Faith    .   a - +0 robe
rPois    .         Spirit   .   (no helmet)
rElec    .         Reflect  .   (no cloak)
rCorr    .         Harm     .   (no gloves)
MR       .....                  (no boots)
Stlth    ++........             (no amulet)
HPRegen  0.06/turn              (no ring)
MPRegen  0.09/turn              (no ring)

@: no status effects
A: claws 1
a: no special abilities


You were on level 1 of the Dungeon.
You were not hungry.

You visited 1 branch of the dungeon, and saw 1 of its levels.

You collected 58 gold pieces.

Inventory:

Armour
 a - a +0 robe (worn)
Scrolls
 e - a scroll of teleportation {unknown}
Potions
 d - a potion of heal wounds {unknown}
 f - a potion of curing {unknown}
 h - a potion of resistance {unknown}
Books
 b - a book of Flames

   Spells                             Type                      Level
   a - Flame Tongue                   Conjuration/Fire             1
   b - Throw Flame                    Conjuration/Fire             2
   c - Conjure Flame                  Conjuration/Fire             3
   d - Inner Flame                    Hexes/Fire                   3
   e - Sticky Flame                   Conjuration/Fire             4
   f - Fireball                       Conjuration/Fire             5
Comestibles
 c - a ration


   Skills:
 + Level 1.7 Dodging
 + Level 1.8 Stealth
 + Level 2.1 Spellcasting
 + Level 1.0 Conjurations
 + Level 3.0 Fire Magic


You had 4 spell levels left.
You knew the following spells:

 Your Spells              Type           Power        Failure   Level  Hunger
a - Flame Tongue          Conj/Fire      #....        9%          1    #......


Dungeon Overview and Level Annotations

Branches:
Dungeon (1/15)

Altars:


Innate Abilities, Weirdness & Mutations

You have sharp fingernails.


Message History

The bat closely misses you. The rat closely misses you.
The goblin hits you with a dagger.
* * * LOW HITPOINT WARNING * * *
The bat hits you.
* * * LOW HITPOINT WARNING * * *
The rat misses you. The goblin hits you but does no damage.
The bat closely misses you. The rat closely misses you.
The goblin hits you but does no damage. The bat hits you but does no damage.
The rat barely misses you. The goblin hits you but does no damage.
The bat closely misses you. The rat misses you.
The goblin hits you but does no damage. The bat hits you but does no damage.
The rat bites you but does no damage. The goblin barely misses you.
The bat closely misses you. The rat bites you.
* * * LOW HITPOINT WARNING * * *
The goblin hits you but does no damage. The bat misses you.
The rat closely misses you. The goblin hits you with a dagger.
You die...

# #)# ## #.# #.#
...... #.# #.#
#..... # #.# #.#
#.##.# #. ##.## #.#
#.##.#
#.##...###.####.##.#
#..br........##.##.#
#@...............#
#.g...##.#........
##...###########..
##### #.. ###


You could see a goblin, a bat and a rat.

Vanquished Creatures
  A goblin (D:1)
  3 hobgoblins (D:1)
  A bat (D:1)
  2 frilled lizards (D:1)
  2 rats (D:1)
9 creatures vanquished.

Notes
Turn   | Place    | Note
-------+----------+-------------------------------------------
     0 | D:1      | Atlas the Demonspawn Fire Elementalist began the quest for the Orb.
     0 | D:1      | Reached XP level 1. HP: 13/13 MP: 3/3
   264 | D:1      | Reached skill level 3 in Fire Magic
   300 | D:1      | Gained mutation: You have sharp fingernails. [demonic ancestry]
   300 | D:1      | Reached XP level 2. HP: 14/19 MP: 0/5
   573 | D:1      | Slain by a goblin

Vault maps used:
D:1:      mainiacjoe_arrival_reflecting_pool, minmay_misc_feat_tower

Skill      XL: |  1 |
---------------+----+-----
Fire Magic     | 3 |  3.0
Dodging        | |  1.7
Stealth        | |  1.8
Spellcasting   | |  2.1
Conjurations   | |  1.0

Action                   || total
-------------------------++-------
Melee: Unarmed           ||    19
 Cast: Flame Tongue      ||    12
Armor: Robe              ||    17
Dodge: Dodged            ||    59

Table legend:
 A = Spawn XP
 B = Non-spawn XP
 C = Spawn XP percentage of total XP
 D = Spawn monster count
 E = Non-spawn monster count
 F = Spawn count percentage of total count
 G = Total turns spent on level
                    A         B        C        D         E        F      G
               +---------+---------+-------+---------+---------+-------+---------
         Total |       0 |      13 |   0.0 |       0 |       9 |   0.0 |   573
               +---------+---------+-------+---------+---------+-------+---------
           D:1 |       0 |      13 |   0.0 |       0 |       9 |   0.0 |   573
               +---------+---------+-------+---------+---------+-------+---------
